 Dungeon Crawl Stone Soup version 0.29-a0-297-g7659ce593d (webtiles) character file.

Game seed: 7207108425043755462

2373 Astera the Fighter (level 9, 0/89 HPs)
             Began as a Minotaur Fighter on Mar 20, 2022.
             Was a High Priest of Jiyva.
             Slain by a gnoll sergeant
             ... wielding a +4 trident of protection
              (7 damage)
             ... on level 8 of the Dungeon on Mar 22, 2022.
             The game lasted 00:28:20 (7648 turns).

Astera the Fighter (Minotaur Fighter)               Turns: 7648, Time: 00:28:20

Health: 0/89       AC:  9    Str: 24    XL:     9   Next: 21%
Magic:  5/8        EV: 11    Int: 11    God:    Jiyva [*****.]
Gold:   248        SH:  5    Dex: 11    Spells: 8/8 levels left

rFire   + + .      SeeInvis .   a - +0 long sword
rCold   . . .      Faith    .   c - +0 buckler
rNeg    . . .      Spirit   .   E - +0 acid dragon scales
rPois   .          Reflect  .   (helmet restricted)
rElec   .          Harm     .   (no cloak)
rCorr   +          Rampage  .   e - +0 pair of gloves
Will    .....                   (no boots)
Stlth   +.........              (no amulet)
HPRegen 1.68/turn               y - +6 ring of intelligence
MPRegen 0.56/turn               (no ring)

@: lethally poisoned (0 -> -1), calling ooze
A: horns 2, retaliatory headbutt, fire resistance 2, robust 1, evolution 2,
MP-powered wands, engulf
a: Renounce Religion, Oozemancy, Slimify


You were on level 8 of the Dungeon.
You worshipped Jiyva.
Jiyva was extremely pleased with you.
You visited 1 branch of the dungeon, and saw 8 of its levels.
You also visited: Ossuary.

You collected 248 gold pieces.

Inventory:

Hand Weapons
 a - a +0 long sword (weapon)
 m - a +1 short sword of draining
 n - a +1 short sword of venom
 o - a +1 mace of holy wrath
Missiles
 f - 4 boomerangs (quivered)
 s - 4 throwing nets
 u - a curare-tipped dart
 v - 9 poisoned darts
 B - 2 javelins
Armour
 b - a +0 troll leather armour
 c - a +0 buckler (worn)
 e - a +0 pair of gloves (worn)
 E - +0 acid dragon scales (worn)
Jewellery
 g - a +6 ring of intelligence
 w - a ring of fire
 y - a +6 ring of intelligence (left hand)
Wands
 A - a wand of charming (12)
Scrolls
 h - a scroll of fog {unknown}
 i - 2 scrolls of magic mapping {unknown}
 j - a scroll of fear {unknown}
 k - a scroll of amnesia {unknown}
 l - a scroll of vulnerability {unknown}
 r - a scroll of noise {unknown}
 x - 2 scrolls of identify {unknown}
 C - a scroll of torment {unknown}
Potions
 d - a potion of might
 p - a potion of heal wounds {unknown}
 q - a potion of curing {unknown}
 t - a potion of brilliance {unknown}
 z - a potion of haste {unknown}
 D - a potion of flight {unknown}


   Skills:
 + Level 8.0 Fighting
 + Level 7.4 Long Blades
 - Level 1.0 Throwing
 + Level 7.9 Armour
 + Level 2.3 Dodging
 - Level 1.0 Stealth
 + Level 7.9 Shields
 + Level 1.6 Evocations


You had 8 spell levels left.
You didn't know any spells.
Your spell library contained the following spells:

 Spells                   Type           Power      Damage    Failure   Level
 Freeze                   Ice            0%         1d3       47%         1
 Frozen Ramparts          Ice            0%         1d2       85%         3
 Hailstorm                Conj/Ice       0%         3d3       99%         4


Dungeon Overview and Level Annotations

Branches:
Dungeon (8/15)             Temple (0/1) D:5         Ossuary (visited)
   Lair: D:8-11

Altars:
Fedhas
Hepliaklqana
Makhleb
Okawaru
Ru
Jiyva

Shops:
D:3 :   D:7 (

Annotations:
D:5 2 transporters, Dabor's ghost, novice PaBe


Innate Abilities, Weirdness & Mutations

You have a pair of horns on your head.
You reflexively headbutt those who attack you in melee.
Your flesh is very heat resistant. (rF++)
You are robust. (+10% HP)
You have great hidden genetic potential.
You expend magic power (3 MP) to strengthen your wands.
Your melee attacks may engulf your foes in ooze.


Message History

The killer bee stings you but does no damage. x2
The killer bee stings you.
You slash the killer bee!
You kill the killer bee!
You feel sick. The killer bee stings you.
You are more poisoned.
The killer bee poisons you!
Your Fighting skill increases to level 8!
Unknown command.
You hit the killer bee.
You kill the killer bee!
You feel very sick.
You miss the killer bee. You headbutt the killer bee.
The killer bee is lightly wounded.
You feel very sick. You block the killer bee's attack.
The killer bee stings you.
You are more poisoned.
The killer bee poisons you!
The gnoll sergeant hits you from afar with a +4 trident of protection.
You closely miss the killer bee.
The killer bee is lightly wounded.
You feel very sick. The killer bee stings you.
* * * LOW HITPOINT WARNING * * *
The killer bee stings you but does no damage.
The gnoll sergeant hits you from afar with a +4 trident of protection.
* * * LOW HITPOINT WARNING * * *
Okay, then.
Activating: Oozemancy (1% risk of failure)
Press: ? - help, Dir - look around, f - activate An open door, spattered with blood.
Slime begins to ooze from the nearby walls!
You feel very sick.
The walls burn the killer bee!
The killer bee stings you but does no damage.
The walls burn the killer bee!
The killer bee stings you!
* * * LOW HITPOINT WARNING * * *
The walls burn the necrophage!
The walls burn the gnoll sergeant!
The gnoll sergeant hits you from afar with a +4 trident of protection!
You die...

#.# #..# #....#..##.#
#.. #.#
##.#####..#.#.....###..
#.#
#.>.................#.
#.#
#<.###.#..........###.
#.####..################
## #.##....##..###
#.............###
####.#.###......###
#.#.# #@#......### #.#.#
#y###......###
#.#.###ng†###......###
#.#.#.###..y###......#+#
#.#..## ##...###......#
#.#.## ..##......##
#.##.## ##......##
#.###.# ##......##
##.##### ##......##


You could see a necrophage, a gnoll sergeant and a killer bee.

Vanquished Creatures
  A troll (D:8)
  Grinder (D:5)
  An acid dragon (D:8)
  2 water moccasins
  A sky beast (D:7)
  A black bear (D:6)
  2 ice beasts
  A phantom (D:5)
  2 kobold brigands (D:6)
  An elf zombie (Ossuary)
  A necrophage (D:7)
  A scorpion (D:7)
  4 killer bees (D:8)
  A lava snake (D:8)
  3 hounds
  2 human zombies (Ossuary)
  4 orc priests
  A gnoll shaman (D:4)
  3 iguanas
  3 orc wizards
  Natasha (D:2)
  A mummy (Ossuary)
  8 gnolls
  8 adders
  A white imp (D:5)
  An ufetubus (D:7)
  A worm (D:4)
  A dart slug (D:2)
  15 orcs
  2 bats
  3 giant cockroaches
  3 goblins
  4 hobgoblins
  6 jackals
  16 kobolds
  4 quokkas
  A frilled lizard (D:2)
  7 hobgoblin zombies (Ossuary)
  5 kobold zombies (Ossuary)
  11 orc zombies (Ossuary)
  2 rats (D:1)
  A bush (D:5)
138 creatures vanquished.

Vanquished Creatures (others)
  A bullfrog (D:7)
  9 jellies
  2 centaur zombies (Ossuary)
  A gnoll shaman (D:3)
  2 hounds (D:5)
  Natasha (twice) (D:2)
  A mummy (Ossuary)
  5 gnolls
  An adder (D:2)
  A white imp (D:8)
  2 adder zombies (Ossuary)
  A dart slug (D:2)
  2 endoplasms
  3 orcs
  2 ball pythons
  2 giant cockroaches
  A goblin (D:2)
  2 hobgoblins (D:3)
  A kobold (D:2)
  A quokka (D:2)
  A frilled lizard (D:2)
  2 hobgoblin zombies (Ossuary)
  A jackal zombie (Ossuary)
  4 kobold zombies (Ossuary)
  26 plants (D:2)
76 creatures vanquished.

Grand Total: 214 creatures vanquished

Notes
Turn   | Place    | Note
-------+----------+-------------------------------------------
     0 | D:1      | Astera the Minotaur Fighter began the quest for the Orb.
     0 | D:1      | Reached XP level 1. HP: 19/19 MP: 0/0
    95 | D:1      | Reached XP level 2. HP: 15/27 MP: 1/1
   253 | D:1      | Found a faded altar of an unknown god.
   259 | D:1      | Prayed at the altar of an unknown god.
   259 | D:1      | Became a worshipper of Jiyva Jiwunysa the Shapeless
   259 | D:1      | Reached * piety under Jiyva
   775 | D:2      | Reached ** piety under Jiyva
   828 | D:2      | Reached skill level 4 in Fighting
   828 | D:2      | Reached skill level 1 in Throwing
   828 | D:2      | Reached skill level 1 in Dodging
   828 | D:2      | Reached XP level 3. HP: 12/33 MP: 2/2
   897 | D:2      | Reached skill level 1 in Stealth
   957 | D:2      | Reached XP level 4. HP: 40/40 MP: 3/3
  1191 | D:2      | Killed Natasha
  1205 | D:2      | Noticed Natasha
  1209 | D:2      | Killed Natasha
  1257 | D:2      | Killed Natasha
  3283 | D:3      | Reached *** piety under Jiyva
  3371 | D:3      | Found Dolidyl's Book Shop.
  3489 | D:3      | Reached XP level 5. HP: 39/46 MP: 4/4
  3664 | D:3      | Gained mutation: You are robust. (+10% HP) [Jiyva's grace]
  3664 | D:3      | Gained mutation: You are very robust. (+20% HP) [Jiyva's
                  | grace]
  3664 | D:3      | Gained mutation: You are extremely robust. (+30% HP)
                  | [Jiyva's grace]
  3664 | D:3      | Gained mutation: Your flesh is heat resistant. (rF+)
                  | [Jiyva's grace]
  3960 | D:4      | Found an iron altar of Okawaru.
  4089 | D:4      | Noticed a water moccasin
  4092 | D:4      | Reached skill level 5 in Fighting
  4099 | D:4      | Killed a water moccasin
  4100 | D:4      | Reached skill level 5 in Armour
  4100 | D:4      | Reached skill level 5 in Shields
  4100 | D:4      | Reached XP level 6. HP: 47/72 MP: 5/5
  4120 | D:4      | Noticed a wyvern
  4216 | D:4      | Reached **** piety under Jiyva
  4260 | D:4      | Found a sand-covered staircase.
  4279 | Ossuary  | Entered an ossuary
  4819 | D:4      | Found a blossoming altar of Fedhas.
  5062 | D:5      | Entered Level 5 of the Dungeon
  5073 | D:5      | Reached XP level 7. HP: 75/80 MP: 6/6
  5077 | D:5      | Reached skill level 5 in Long Blades
  5115 | D:5      | Noticed Grinder
  5130 | D:5      | Killed Grinder
  5131 | D:5      | Reached skill level 6 in Fighting
  5134 | D:5      | Found a staircase to the Ecumenical Temple.
  5167 | D:5      | Reached ***** piety under Jiyva
  5182 | D:5      | Lost mutation: Your flesh is heat resistant. (rF+) [Jiyva's
                  | grace]
  5182 | D:5      | Gained mutation: Your flesh is heat resistant. (rF+)
                  | [Jiyva's grace]
  5182 | D:5      | Gained mutation: Your flesh is very heat resistant. (rF++)
                  | [Jiyva's grace]
  5182 | D:5      | Gained mutation: Your flesh is almost immune to the effects
                  | of heat. (rF+++) [Jiyva's grace]
  5182 | D:5      | Gained mutation: You have a small jelly attached to you
                  | that may absorb projectiles. [Jiyva's grace]
  5279 | D:5      | Found a burning altar of Makhleb.
  5413 | D:4      | Reached XP level 8. HP: 79/92 MP: 7/7
  5448 | D:5      | Found a sacrificial altar of Ru.
  5538 | D:5      | Found a transporter.
  5542 | D:5      | Found a transporter.
  5557 | D:5      | Noticed Dabor's ghost (novice PaBe)
  6494 | D:6      | Found a hazy altar of Hepliaklqana.
  6632 | D:6      | Reached skill level 7 in Fighting
  7075 | D:7      | Found Ziuqimo's Antique Weapon Shoppe.
  7200 | D:8      | Lost mutation: Your flesh is almost immune to the effects
                  | of heat. (rF+++) [Jiyva's grace]
  7200 | D:8      | Lost mutation: You are extremely robust. (+30% HP) [Jiyva's
                  | grace]
  7200 | D:8      | Lost mutation: You are very robust. (+20% HP) [Jiyva's
                  | grace]
  7200 | D:8      | Lost mutation: You have a small jelly attached to you that
                  | may absorb projectiles. [Jiyva's grace]
  7200 | D:8      | Gained mutation: You have hidden genetic potential.
                  | [Jiyva's grace]
  7200 | D:8      | Gained mutation: You have great hidden genetic potential.
                  | [Jiyva's grace]
  7200 | D:8      | Gained mutation: You expend magic power (3 MP) to
                  | strengthen your wands. [Jiyva's grace]
  7200 | D:8      | Gained mutation: Your melee attacks may engulf your foes in
                  | ooze. [Jiyva's grace]
  7446 | D:8      | Noticed a troll
  7475 | D:8      | Killed a troll
  7476 | D:8      | Reached skill level 1 in Evocations
  7476 | D:8      | Reached XP level 9. HP: 46/88 MP: 6/8
  7645 | D:8      | Reached skill level 8 in Fighting
  7648 | D:8      | Slain by a gnoll sergeant

Illustrated notes

Levels and vault maps discovered:
D:1:      roderic_chinese_lattice_arrival, layout_basic, basic_ecumenical_altar,
          minmay_misc_feat_secret_circle
D:2:      layout_loops_corners, hangedman_decor_points, nicolae_grassy_gnolls,
          uniq_natasha
D:3:      layout_basic, serial_shops, nicolae_shop_advertising_works
          [nicolae_subvault_shop_adworks]
D:4:      layout_gridville, fedhas_altar_2, okawaru_gym_becter, enter_ossuary_3
D:5:      layout_basic, kennysheep_mini, makhleb_heckhound_becter,
          minmay_temple_entry_antechambers, gammafunk_ghost_hive,
          minmay_hedge_maze, uniq_grinder
D:6:      layout_loops_ring, worldfamousw_hep_ancestral_shrine
D:7:      layout_rooms, serial_shops, nicolae_shop_behind_doors,
          chequers_serial_rivers_marsh
D:8:      minmay_razor_zed, layout_loops_ring, nzn_wu_jian_council_hall,
          jmf_multi_god_temple2, nicolae_lava_and_water

Skill      XL: |  1  2  3  4  5  6  7  8  9 |
---------------+----------------------------+-----
Fighting       | 4 5 6 7 8 |  8.0
Throwing       | 1 |  1.0
Dodging        | 1 2 |  2.3
Long Blades    | 3 4 5 7 |  7.4
Armour         | 4 5 6 7 |  7.9
Shields        | 4 5 6 7 |  7.9
Stealth        | 1 |  1.0
Evocations     | 1 |  1.6

Action                   |  1- 3 |  4- 6 |  7- 9 || total
-------------------------+-------+-------+-------++-------
Melee: Long sword        |    64 |   196 |   251 ||   511
       Headbutt          |     3 |    35 |    56 ||    94
Invok: Oozemancy         |       |       |     2 ||     2
  Use: Potion            |       |       |     1 ||     1
Armor: Scale mail        |    27 |    93 |   107 ||   227
       Acid dragon scale |       |       |    15 ||    15
Dodge: Dodged            |    27 |   114 |    83 ||   224
Block: Buckler           |    20 |    48 |    76 ||   144

Table legend: (Time is in decaauts)
 A = Elapsed time spent in this place.
 B = Non-inter-level travel time spent in this place.
 C = Inter-level travel time spent in this place.
 D = Time resting spent in this place.
 E = Time spent auto-exploring this place.
 F = Levels seen in this place.
 G = Mean time per level.
                   A        B        C        D        E       F      G
               +--------+--------+--------+--------+--------+-----+--------+
         Total |   7765 |   7439 |    326 |    303 |   3647 |   9 |  862.8 |
       Dungeon |   7291 |   6965 |    326 |    117 |   3647 |   8 |  911.4 |
       Ossuary |    474 |    474 |      0 |    186 |      0 |   1 |  474.0 |
               +--------+--------+--------+--------+--------+-----+--------+

Top non-repeatable levels by time:
     D:2: 2375 daAuts
     D:3: 983 daAuts
     D:4: 755 daAuts
     D:1: 736 daAuts
     D:6: 730 daAuts
     D:5: 686 daAuts
     D:7: 541 daAuts
     D:8: 483 daAuts
 Ossuary: 474 daAuts
